 Dungeon Crawl Stone Soup version 0.23.2-40-g277498a (webtiles) character file.

Game seed: 2549056986905134397

129698 Fang the Warrior (level 17, -6/120 HPs)
             Began as a Gargoyle Berserker on Oct 23, 2019.
             Was a High Priest of Trog.
             Blown up by an orb spider (45 damage)
             ... with an orb of destruction
             ... on level 3 of the Spider Nest.
             The game lasted 00:36:41 (28626 turns).

Fang the Warrior (Gargoyle Berserker)              Turns: 28626, Time: 00:36:42

Health: -6/120     AC: 32    Str: 30    XL:     17   Next: 6%
Magic:  17/17      EV: 14    Int:  8    God:    Trog [*****.]
Gold:   2250       SH:  0    Dex:  5    Spells: 16/16 levels left

rFire    + + +     SeeInvis +   q - +6 battleaxe (chop)
rCold    + . .     Gourm    .   (shield currently unavailable)
rNeg     + . .     Faith    .   b - +1 plate armour
rPois    ∞         Spirit   .   M - -3 helmet "Neuv" {+Inv rC+}
rElec    +         Reflect  .   T - scarf {repulsion}
rCorr    .         Harm     .   (no gloves)
MR       +....                  D - +2 pair of boots
Stlth    ..........             (no amulet)
HPRegen  0.30/turn              h - +4 ring of evasion
MPRegen  0.15/turn              R - ring "Kikigg" {rF+++ Str+4 Int-2 Dex-4 SInv}

@: flying, repel missiles
A: big wings, negative energy resistance 1, electricity resistance, unbreathing,
petrification resistance, rot immunity, AC +12
a: Stop Flying, Berserk, Trog's Hand, Brothers in Arms, Renounce Religion, Evoke
Invisibility


You were on level 3 of the Spider Nest.
You worshipped Trog.
Trog was extremely pleased with you.
You were very hungry.

You visited 6 branches of the dungeon, and saw 28 of its levels.
You also visited: Ossuary.

You collected 2883 gold pieces.
You spent 633 gold pieces at shops.

Inventory:

Hand Weapons
 a - a +4 war axe
 m - the +1 war axe "Ruoh Paa" {chop, rF+}
   (You found it on level 4 of the Lair of Beasts)

   It inflicts extra damage upon your enemies.
   It protects you from fire.
 q - a +6 battleaxe of chopping (weapon)
 u - a +6 battleaxe of electrocution
 L - a +4 antimagic executioner's axe
 Q - a +2 battleaxe of flaming
 S - a +2 battleaxe of venom
Armour
 b - a +1 plate armour (worn)
 D - a +2 pair of boots (worn)
 M - the -3 helmet "Neuv" (worn) {+Inv rC+}
   (You found it on level 6 of the Lair of Beasts)

   It protects you from cold.
   It lets you turn invisible.
 O - a +0 hat of magic resistance
 T - a scarf of repulsion (worn)
Jewellery
 h - a +4 ring of evasion (left hand)
 l - an uncursed ring of protection from magic
 J - an uncursed ring of magical power
 K - the ring "Vuoguem" {rElec rPois rC+ Slay-6}
   (You found it on level 6 of the Lair of Beasts)

   [ring of protection from cold]

   It affects your accuracy and damage with ranged weapons and melee attacks
   (-6).
   It protects you from cold.
   It insulates you from electricity.
   It protects you from poison.
 R - a ring "Kikigg" (right hand) {rF+++ Str+4 Int-2 Dex-4 SInv}
   (You bought it in a shop on level 2 of the Orcish Mines)

   [ring of see invisible]

   It affects your strength (+4).
   It affects your intelligence (-2).
   It affects your dexterity (-4).
   It renders you almost immune to fire.
   It lets you see invisible.
Wands
 j - a wand of scattershot (4)
 o - a wand of digging (20)
 x - a wand of disintegration (24)
 y - a wand of enslavement (12)
 z - a wand of flame (116)
 C - a wand of random effects (14)
 E - a wand of clouds (7)
 H - a wand of iceblast (15)
 N - a wand of polymorph (7)
Scrolls
 d - 13 scrolls of identify
 i - 4 scrolls of blinking
 p - 16 scrolls of remove curse
 s - 4 scrolls of magic mapping
 t - 10 scrolls of teleportation
 w - 2 scrolls of fog
 B - 7 scrolls of fear
Potions
 e - 6 potions of haste
 f - 6 potions of curing
 g - 4 potions of flight
 k - 5 potions of agility
 n - 5 potions of might
 v - 8 potions of heal wounds
 A - a potion of mutation
 F - 2 potions of berserk rage
 G - 3 potions of ambrosia
 I - 2 potions of magic
 U - a potion of invisibility {unknown}
Comestibles
 c - 41 rations


   Skills:
 * Level 18.2 Fighting
 * Level 17.2 Axes
 + Level 13.5 Armour
 + Level 10.8 Dodging


You had 16 spell levels left.
You didn't know any spells.
Your spell library was empty.

Dungeon Overview and Level Annotations

Branches:
Dungeon (15/15)            Temple (1/1) D:6            Lair (6/6) D:9
 Shoals (1/4) Lair:4       Spider (3/4) Lair:3        Slime (0/5) Lair:5
    Orc (2/2) D:9             Elf (0/3) Orc:2        Vaults (0/5) D:13
 Depths (0/5) D:15

Altars:
Cheibriados
Dithmenos
Elyvilon
Fedhas
Hepliaklqana
Kikubaaqudgha
Nemelex Xobeh
Okawaru
Sif Muna
Vehumet
Wu Jian
Xom
Yredelemnul
Zin
The Shining One

Shops:
D:9 :   D:11 %   Orc:2 [*(=

Annotations:
D:8 3 runed translucent doors, Naeght's ghost, novice MiGl
Lair:4 exclusion: oklob plant
Shoals:1 exclusion: oklob plant


Innate Abilities, Weirdness & Mutations

You are resistant to torment.
Your stone body is resilient. (AC +12)
You are immune to poison.
Your large and strong wings let you fly indefinitely.
You resist negative energy. (rN+)
You are resistant to electric shocks. (rElec)
You can survive without breathing.
You are immune to petrification.
You are immune to rotting.


Message History

The orb spider spins a strand of pure energy.
You are too injured to fight recklessly!
You are too injured to fight recklessly!
You are too injured to fight recklessly!
The orb spider weaves a glowing orb of energy.
An orb of destruction comes into view.
The orb spider spins a strand of pure energy.
The orb of destruction hits you!
* * * LOW HITPOINT WARNING * * *
The orb spider weaves a glowing orb of energy.
An orb of destruction comes into view.
The orb of destruction hits a rock wall.
The orb spider spins a strand of pure energy.
You see here 6 gold pieces.
You now have 2250 gold pieces (gained 6).
The orb spider weaves a glowing orb of energy.
An orb of destruction comes into view.
The orb spider begins to weave its threads into a brightly glowing ball.
The orb of destruction hits you!!!
You die...

#............^. .#
#.#.....#..#.#.. .#..
#...#.......#..#. ....
#......#.^#.#.#>.# ..#.
#...s#...........##...
#...○^...#...#.#..#...
###^#○#...^..........##
#....○..†#...#...#.....
#....#..@......#.....#...
#.#..#...#.......##.....#
#........#..##.^.##.^.#..
#....##.....>...###...#.^
#...^.....^#...####....#.
#.....#......†.##...#.##.
#.........#.#..#........#
#......#.#..†.†.#..^##..#
.^#...................


You could see an orb spider.

Vanquished Creatures
  Arachne (Spider:3)
  Gastronok (D:12)
  Kirke (D:15)
  Roxanne (Spider:2)
  An orc warlord (Orc:2)
  2 emperor scorpions
  A ghost moth (Spider:2)
  A juggernaut zombie (D:15)
  2 entropy weavers (Spider:1)
  2 dire elephants (Lair:6)
  Josephine (D:10)
  Erolcha (D:10)
  3 hydras
  4 vault guards (D:13)
  A death knight (D:14)
  3 catoblepae
  Harold (Lair:1)
  7 two-headed ogres
  An anaconda (Lair:6)
  6 centaur warriors
  A tengu warrior (D:14)
  2 orc high priests (Orc:2)
  A vampire mage (D:15)
  Urug (Lair:4)
  2 skeletal warriors (D:15)
  2 unseen horrors
  An obsidian statue (D:13)
  11 orb spiders
  5 orc knights
  Pikel (D:5)
  2 harpies (shapeshifter)
  9 ugly things
  A necromancer (D:15)
  A manticore (D:15)
  A fire giant zombie (D:15)
  3 orc sorcerers
  16 wolf spiders
  2 cyclopes
  2 deep elf magi
  A moth of wrath (Spider:2)
  4 elephants (Lair:6)
  Psyche (D:10)
  5 torpor snails
  2 black mambas
  2 gargoyles
  10 spiny frogs
  A spriggan zombie (D:15)
  A rime drake (Lair:3)
  A freezing wraith (D:14)
  5 komodo dragons
  9 demonic crawlers
  11 trolls
  3 meliai (Spider:2)
  20 jumping spiders
  2 polar bears
  2 hornets
  8 blink frogs
  A snapping turtle (shapeshifter) (D:13)
  Grinder (D:3)
  11 hippogriffs
  6 dream sheep (Lair:6)
  An ettin zombie (D:15)
  12 slime creatures
  A spriggan (shapeshifter) (D:14)
  7 wraiths
  15 tarantellas
  2 shadows
  3 wyverns
  5 hogs (D:15)
  20 yaks
  43 redbacks
  Eustachio (D:6)
  3 fire bats (Lair:1)
  A steam dragon (D:13)
  4 basilisks
  Grum (D:8)
  15 vampire mosquitoes
  4 hungry ghosts
  Menkaure (D:5)
  A warg (Orc:2)
  2 soldier ants
  16 water moccasins
  5 acid dragons
  14 porcupines
  3 ice beasts
  29 orc warriors
  3 eyes of draining
  5 sky beasts
  2 slaves (D:5)
  A black bear (D:12)
  2 necrophages (D:13)
  14 ogres
  6 wolves
  10 centaurs
  18 crocodiles
  4 big kobolds
  27 bullfrogs
  4 scorpions
  A wyvern skeleton (D:12)
  4 killer bees (D:11)
  3 wights (D:11)
  6 electric eels
  5 centaur zombies
  2 howler monkeys
  5 bullfrog zombies
  5 crimson imps
  A human zombie (Ossuary)
  4 bullfrog skeletons
  10 jellies
  20 orc priests
  10 hounds
  7 centaur skeletons
  27 orc wizards
  Ijyb (D:3)
  16 worker ants
  5 iguanas
  A big kobold zombie (Ossuary)
  2 centaur simulacra
  2 mummies (Ossuary)
  6 gnolls (D:9)
  14 adders
  5 shadow imps
  2 oozes
  5 worms
  4 dart slugs
  5 leopard geckos
  78 orcs
  A ball python (D:8)
  6 giant cockroaches
  5 goblins
  4 hobgoblins
  4 jackals (D:9)
  5 quokkas
  8 bats
  6 frilled lizards
  2 goblin zombies (Ossuary)
  10 hobgoblin zombies (Ossuary)
  A jackal zombie (Ossuary)
  4 kobolds
  9 kobold zombies (Ossuary)
  8 orc zombies (Ossuary)
  2 quokka zombies
  8 rats
  4 rat zombies
  3 fungi
  4 plants
  A withered plant (D:15)
868 creatures vanquished.

Vanquished Creatures (collateral kills)
  A hydra (D:13)
  2 orc high priests (Orc:2)
  Sonja (Lair:1)
  An orc knight (D:15)
  An orc sorcerer (Orc:2)
  2 orb spiders
  A centaur skeleton (D:13)
  A jumping spider (Spider:1)
  5 orc warriors
  An ogre (D:9)
  A big kobold (D:9)
  An orc wizard (Orc:2)
  2 orc priests (Orc:2)
  3 gnolls (D:9)
  6 orcs
29 creatures vanquished.

Vanquished Creatures (others)
  A human (D:15)
  An iguana (D:7)
  6 fungi
  5 plants
  A withered plant (D:15)
14 creatures vanquished.

Grand Total: 911 creatures vanquished

Notes
Turn   | Place    | Note
-------+----------+-------------------------------------------
     0 | D:1      | Fang the Gargoyle Berserker began the quest for the Orb.
     0 | D:1      | Reached XP level 1. HP: 14/14 MP: 1/1
    73 | D:1      | Reached XP level 2. HP: 8/19 MP: 2/2
   442 | D:1      | You fall through a shaft!
   604 | D:2      | Reached XP level 3. HP: 14/23 MP: 3/3
  1060 | D:2      | Found a deep blue altar of Sif Muna.
  1060 | D:2      | Found a radiant altar of Vehumet.
  1185 | D:2      | Found an ornate altar of the Wu Jian Council.
  1188 | D:2      | Found a blossoming altar of Fedhas.
  1226 | D:2      | Reached ** piety under Trog
  1302 | D:2      | Reached XP level 4. HP: 29/29 MP: 4/4
  2167 | D:3      | Reached skill level 4 in Fighting
  2277 | D:3      | Found an iron altar of Okawaru.
  2278 | D:3      | Noticed Grinder
  2295 | D:3      | Killed Grinder
  2295 | D:3      | Reached XP level 5. HP: 34/34 MP: 5/5
  2295 | D:3      | Reached XP level 6. HP: 39/39 MP: 6/6
  2374 | D:3      | Noticed Ijyb
  2397 | D:3      | Killed Ijyb
  3018 | D:4      | Reached skill level 5 in Fighting
  3018 | D:4      | Reached XP level 7. HP: 44/44 MP: 7/7
  3179 | D:4      | Found a snail-covered altar of Cheibriados.
  3498 | D:5      | Entered Level 5 of the Dungeon
  3518 | D:5      | Noticed Menkaure
  3525 | D:5      | Killed Menkaure
  3525 | D:5      | Reached skill level 5 in Axes
  3694 | D:5      | Reached skill level 6 in Fighting
  3694 | D:5      | Reached XP level 8. HP: 38/51 MP: 8/8
  3714 | D:5      | Found a sparkling altar of Nemelex Xobeh.
  3757 | D:5      | Reached skill level 5 in Armour
  3808 | D:5      | Noticed Pikel
  3829 | D:5      | Killed Pikel
  3829 | D:5      | Reached skill level 7 in Fighting
  3901 | D:5      | Reached *** piety under Trog
  4056 | D:5      | Reached XP level 9. HP: 53/57 MP: 9/9
  4460 | D:6      | Found a staircase to the Ecumenical Temple.
  4699 | D:6      | Noticed Eustachio
  4706 | D:6      | Found a sand-covered staircase.
  4714 | Ossuary  | Entered an ossuary
  4744 | Ossuary  | Reached **** piety under Trog
  4857 | Ossuary  | Reached skill level 8 in Fighting
  4972 | D:6      | Killed Eustachio
  5308 | D:7      | Noticed a troll
  5310 | D:7      | Noticed a two-headed ogre
  5324 | D:7      | Killed a troll
  5329 | D:7      | Killed a two-headed ogre
  5329 | D:7      | Reached skill level 9 in Fighting
  5329 | D:7      | Reached skill level 10 in Axes
  5329 | D:7      | Reached skill level 5 in Dodging
  5329 | D:7      | Reached XP level 10. HP: 8/66 MP: 10/10
  5472 | D:7      | Found a white marble altar of Elyvilon.
  5936 | D:8      | Found a shadowy altar of Dithmenos.
  6008 | D:8      | Reached ***** piety under Trog
  6665 | D:8      | Found a basalt altar of Yredelemnul.
  6757 | D:8      | Noticed Grum
  6768 | D:8      | Reached skill level 10 in Fighting
  6785 | D:8      | Killed Grum
  6806 | D:8      | Found a runed translucent gate.
  6806 | D:8      | Found a runed translucent gate.
  6806 | D:8      | Found a runed translucent gate.
  6807 | D:8      | Identified the cursed +1 whip of Aliquk Babe {chaos, +Fly
                  | rPois rF+}
  6807 | D:8      | Noticed Naeght's ghost (novice MiGl)
  6807 | D:8      | Noticed a kobold demonologist
  6889 | D:9      | Noticed a two-headed ogre
  6904 | D:9      | Killed a two-headed ogre
  7025 | D:9      | Found a shimmering altar of Xom.
  7026 | D:9      | Found a hazy altar of Hepliaklqana.
  7027 | D:9      | Noticed a spectral ugly thing
  7065 | D:9      | Found Basiod's Book Shop.
  7169 | Temple   | Entered the Ecumenical Temple
  7338 | D:9      | Reached XP level 11. HP: 57/73 MP: 11/11
  7348 | D:9      | Found a staircase to the Lair.
  7625 | D:9      | Found a staircase to the Orcish Mines.
  7628 | D:9      | Reached skill level 11 in Fighting
  8123 | D:9      | Found a white marble altar of Elyvilon.
  8123 | D:9      | Found a glowing silver altar of Zin.
  8124 | D:9      | Found a glowing golden altar of the Shining One.
  8216 | Lair:1   | Entered Level 1 of the Lair of Beasts
  8238 | D:10     | Entered Level 10 of the Dungeon
  8430 | D:10     | Noticed a cyan ugly thing
  8434 | D:10     | Received a gift from Trog
  8446 | D:10     | Killed a cyan ugly thing
  8671 | D:10     | Noticed Psyche
  8682 | D:10     | Killed Psyche
  9128 | D:10     | Noticed Erolcha
  9134 | D:10     | Killed Erolcha
  9310 | D:10     | Noticed Josephine
  9319 | D:10     | Reached skill level 12 in Fighting
  9322 | D:10     | Killed Josephine
  9322 | D:10     | Reached XP level 12. HP: 53/81 MP: 12/12
  9421 | D:10     | Noticed a two-headed ogre
  9428 | D:10     | Killed a two-headed ogre
  9647 | Lair:1   | Noticed Harold
  9661 | Lair:1   | Killed Harold
  9744 | Lair:1   | Noticed Sonja
 10412 | Lair:1   | Killed Sonja
 11159 | Lair:2   | Reached skill level 13 in Fighting
 11683 | Lair:3   | Found a hole to the Spider Nest.
 11713 | Lair:3   | Reached skill level 10 in Armour
 11856 | Lair:3   | You fall through a shaft!
 11910 | Lair:4   | Noticed Urug
 11928 | Lair:4   | Killed Urug
 11928 | Lair:4   | Reached XP level 13. HP: 61/88 MP: 13/13
 12037 | Lair:4   | Received a gift from Trog
 12619 | Lair:4   | Found a staircase to the Shoals.
 13855 | Shoals:1 | Entered Level 1 of the Shoals
 13855 | Shoals:1 | Found a shimmering altar of Xom.
 13939 | Lair:4   | Got a smoking war axe
 13940 | Lair:4   | Identified the +1 war axe "Ruoh Paa" {chop, rF+} (You found
                  | it on level 4 of the Lair of Beasts)
 14330 | Lair:5   | Reached skill level 14 in Fighting
 14542 | Lair:5   | Found a staircase to the Slime Pits.
 14905 | Lair:6   | Entered Level 6 of the Lair of Beasts
 15005 | Lair:6   | Found a snail-covered altar of Cheibriados.
 15140 | Lair:6   | Got a glittering steel ring
 15156 | Lair:6   | Identified the ring "Vuoguem" {rElec rPois rC+ Slay-6} (You
                  | found it on level 6 of the Lair of Beasts)
 15716 | Lair:6   | Received a gift from Trog
 15824 | Lair:6   | Noticed a dire elephant
 15824 | Lair:6   | Noticed a dire elephant
 15836 | Lair:6   | Killed a dire elephant
 15839 | Lair:6   | Killed a dire elephant
 15839 | Lair:6   | Gained mutation: Your large and strong wings let you fly
                  | indefinitely. [Gargoyle growth]
 15839 | Lair:6   | Reached XP level 14. HP: 17/96 MP: 4/14
 16260 | Lair:6   | Got a twisted helmet
 16266 | Lair:6   | Identified the -3 helmet "Neuv" {+Inv rC+} (You found it on
                  | level 6 of the Lair of Beasts)
 16929 | D:11     | Found Catuosew's Food Shop.
 17305 | D:11     | You are sucked into a shaft for 2 floors!
 17521 | D:13     | Reached skill level 15 in Fighting
 17582 | D:13     | Found a gate to the Vaults.
 17603 | D:13     | Reached skill level 15 in Axes
 18390 | D:14     | Received a gift from Trog
 19017 | D:14     | Found a white marble altar of Elyvilon.
 19247 | D:15     | Entered Level 15 of the Dungeon
 19256 | D:15     | Noticed Kirke
 19278 | D:15     | Killed Kirke
 19486 | D:15     | Found a staircase to the Depths.
 19510 | D:15     | Reached XP level 15. HP: 104/104 MP: 15/15
 19588 | D:15     | Reached skill level 16 in Fighting
 19990 | D:15     | Received a gift from Trog
 20946 | D:12     | Found an ornate altar of the Wu Jian Council.
 20986 | D:12     | Noticed Gastronok
 21002 | D:12     | Killed Gastronok
 21384 | D:12     | Found an ancient bone altar of Kikubaaqudgha.
 21788 | D:12     | Received a gift from Trog
 22982 | D:11     | Reached skill level 10 in Dodging
 23184 | Orc:1    | Entered Level 1 of the Orcish Mines
 23267 | Orc:2    | Entered Level 2 of the Orcish Mines
 23498 | Orc:2    | Found a deep blue altar of Sif Muna.
 23545 | Orc:2    | Identified Sif Muna's Collected Works on Venom
 23568 | Orc:2    | Found a staircase to the Elven Halls.
 23626 | Orc:2    | Noticed an orc warlord
 23638 | Orc:2    | Killed an orc warlord
 23638 | Orc:2    | Reached ****** piety under Trog
 23649 | Orc:2    | Received a gift from Trog
 23750 | Orc:2    | Noticed an orc warlord
 23882 | Orc:2    | Reached skill level 17 in Fighting
 24221 | Orc:2    | Reached XP level 16. HP: 61/112 MP: 16/16
 24975 | Orc:2    | Found Heruenee's Antique Armour Emporium.
 24977 | Orc:2    | Found Meif's Antique Weapon Emporium.
 24978 | Orc:2    | Found Nof Syonk's General Store.
 24978 | Orc:2    | Found Suba's Jewellery Shoppe.
 25036 | Orc:2    | Bought a ring "Kikigg" {rF+++ Str+4 Int-2 Dex-4 SInv} for
                  | 633 gold pieces
 25253 | Spider:1 | Entered Level 1 of the Spider Nest
 25255 | Spider:1 | Received a gift from Trog
 26567 | Spider:1 | Received a gift from Trog
 27511 | Spider:2 | Identified a scroll of acquirement
 27660 | Spider:2 | Noticed Roxanne
 27680 | Spider:2 | Killed Roxanne
 27830 | Spider:2 | Reached skill level 18 in Fighting
 28021 | Spider:3 | Noticed Arachne
 28250 | Spider:3 | Killed Arachne
 28513 | Spider:3 | Reached XP level 17. HP: 88/119 MP: 17/17
 28626 | Spider:3 | Blown up by an orb spider

Skill      XL: |  1  2  3  4  5  6  7  8  9 10 11 12 13 14 15 16 |
---------------+-------------------------------------------------+-----
Axes           | 3 4 5 7 10 11 12 13 14 15 16 17 | 17.2
Dodging        | 2 3 4 5 6 7 8 9 10 | 10.8
Armour         | 3 4 5 7 8 9 10 11 12 13 | 13.5
Fighting       | 4 5 6 7 9 10 12 13 14 15 17 18 | 18.2

Action                   |  1- 3 |  4- 6 |  7- 9 | 10-12 | 13-15 | 16-18 || total
-------------------------+-------+-------+-------+-------+-------+-------++-------
Melee: Hand axe          |   123 |   150 |       |       |       |       ||   273
       War axe           |       |    12 |   340 |   372 |    22 |       ||   746
       Battleaxe         |       |       |       |   272 |   966 |   433 ||  1671
       Executioner's axe |       |       |       |       |    25 |       ||    25
       Unarmed           |       |       |       |       |     4 |       ||     4
Invok: Berserk           |     1 |     2 |     3 |     6 |    12 |     2 ||    26
       Trog's Hand       |       |       |       |     1 |     1 |     2 ||     4
       Brothers in Arms  |       |       |       |     3 |     5 |     2 ||    10
 Abil: Fly               |       |       |       |       |     1 |       ||     1
Evoke: Wand              |       |       |       |     1 |     1 |       ||     2
  Use: Scroll            |       |       |       |    28 |     8 |     4 ||    40
       Potion            |       |       |       |       |     2 |     3 ||     5
 Stab: Sleeping          |       |     1 |       |       |       |       ||     1
       Petrified         |       |       |       |       |     7 |       ||     7
       Distracted        |       |       |       |       |     2 |       ||     2
       Petrifying        |       |       |       |       |     1 |       ||     1
  Eat: Chunk             |     2 |     8 |     9 |    29 |    43 |    17 ||   108
       Ration            |       |       |       |     1 |     4 |       ||     5
Armor: Animal skin       |    29 |    20 |       |       |       |       ||    49
       Chain mail        |       |    39 |   168 |    74 |       |       ||   281
       Plate armour      |       |       |       |   395 |   640 |   428 ||  1463
Dodge: Dodged            |   110 |   125 |   259 |   533 |   702 |   369 ||  2098
       Deflected         |       |       |       |       |       |     7 ||     7
